 Dungeon Crawl Stone Soup version 0.19.0 (webtiles) character file.

114 Quirk the Covered (level 4, -1/40 HPs)
             Began as a Minotaur Fighter on Nov 2, 2016.
             Slain by baghtru's ghost (15 damage)
             ... on level 4 of the Dungeon.
             The game lasted 00:03:30 (2763 turns).

Quirk the Covered (Minotaur Fighter)                Turns: 2763, Time: 00:03:31

Health: -1/40      AC:  7    Str: 21    XL:     4   Next: 67%
Magic:  3/3        EV:  8    Int:  5    God:
Gold:   178        SH:  9    Dex: 10    Spells: 0 memorised, 3 levels left

rFire  . . .     SeeInvis .     a - +0 war axe
rCold  . . .     Gourm    .     b - +0 scale mail
rNeg   . . .     Faith    .     c - +0 shield
rPois  .         Spirit   .     (helmet restricted)
rElec  .         Reflect  .     (no cloak)
rCorr  .         Harm     .     (no gloves)
MR     .....                    (no boots)
Stlth  ..........               (no amulet)
                                (no ring)
                                (no ring)

@: no status effects
A: retaliatory headbutt, horns 2
a: no special abilities


You were on level 4 of the Dungeon.
You were not hungry.

You visited 1 branch of the dungeon, and saw 4 of its levels.

You collected 178 gold pieces.

Inventory:

Hand Weapons
 a - a +0 war axe (weapon)
 q - a +0 whip of flaming
Armour
 b - a +0 scale mail (worn)
 c - a +0 shield (worn)
Wands
 r - a wand of hasting (5/9)
 v - a wand of enslavement (15/24)
Scrolls
 i - 2 scrolls of teleportation {unknown}
 j - a scroll of enchant armour {unknown}
 l - 3 scrolls of identify {unknown}
 m - 2 scrolls of random uselessness {unknown}
 n - 2 scrolls of amnesia {unknown}
 p - 2 scrolls of recharging {unknown}
 u - 3 scrolls of immolation {unknown}
Potions
 d - a potion of might
 e - 4 potions of curing {unknown}
 g - 2 potions of agility {unknown}
 h - 2 potions of cancellation {unknown}
 o - a potion of beneficial mutation {unknown}
 t - 3 potions of brilliance {unknown}
 w - a potion of magic {unknown}
Comestibles
 f - a bread ration
 k - 2 meat rations
 s - 2 beef jerkies
 x - a fruit


   Skills:
 + Level 4.2 Fighting
 + Level 3.3 Axes
 + Level 4.4 Armour
 + Level 2.1 Dodging
 + Level 4.3 Shields


You had 3 spell levels left.
You didn't know any spells.

Dungeon Overview and Level Annotations

Branches:
Dungeon (4/15)
 Temple: D:4-7

Altars:
Fedhas

Annotations:
D:4 baghtru's ghost, novice HOFi


Innate Abilities, Weirdness & Mutations

You reflexively headbutt those who attack you in melee.
You have a pair of horns on your head.


Message History

You headbutt baghtru's ghost, but do no damage.
Baghtru's ghost is moderately damaged.
You block baghtru's ghost's attack. Baghtru's ghost barely misses you.
You hit baghtru's ghost but do no damage.
Baghtru's ghost is moderately damaged.
Baghtru's ghost hits you.
You hit baghtru's ghost.
Baghtru's ghost is moderately damaged.
You block baghtru's ghost's attack. Baghtru's ghost hits you.
You hit baghtru's ghost.
Baghtru's ghost is moderately damaged.
Baghtru's ghost hits you!
You hit baghtru's ghost but do no damage.
You headbutt baghtru's ghost!
Baghtru's ghost is heavily damaged.
You hit the bullfrog skeleton. You block baghtru's ghost's attack.
You block the bullfrog skeleton's attack.
The bullfrog skeleton hits you but does no damage.
Baghtru's ghost hits you!
You die...

## #.. #.. #
##... ####...
#.....##.......
.......@.......
......ZW.......
>..............
..%.....(......
...............
...............
...>..?........
...............


You could see baghtru's ghost and a bullfrog skeleton.

Vanquished Creatures
  An orc wizard (D:3)
  An adder (D:3)
  A worm (D:2)
  A dart slug (D:2)
  5 leopard geckos
  4 orcs (D:3)
  6 bats
  A giant cockroach (D:2)
  8 goblins
  6 hobgoblins
  4 jackals (D:2)
  7 kobolds
  A quokka (D:3)
  5 frilled lizards
  9 rats
60 creatures vanquished.

Notes
Turn   | Place    | Note
-------+----------+-------------------------------------------
     0 | D:1      | Quirk the Minotaur Fighter began the quest for the Orb.
     0 | D:1      | Reached XP level 1. HP: 19/19 MP: 0/0
   223 | D:1      | Reached XP level 2. HP: 26/27 MP: 1/1
   270 | D:1      | Reached skill level 1 in Dodging
   794 | D:1      | Reached XP level 3. HP: 31/33 MP: 2/2
  1129 | D:2      | Found a blossoming altar of Fedhas.
  1732 | D:3      | Reached XP level 4. HP: 40/40 MP: 3/3
  2459 | D:4      | Noticed baghtru's ghost (novice HOFi)
  2471 | D:4      | HP: 2/40 [baghtru's ghost (7)]
  2763 | D:4      | Slain by baghtru's ghost

Skill      XL: |  1  2  3  4 |
---------------+-------------+-----
Dodging        | 1 2 |  2.1
Shields        | 4 |  4.3
Armour         | 4 |  4.4
Fighting       | 4 |  4.2
Axes           | 3 |  3.3

Action                   |  1- 3 |  4- 6 || total
-------------------------+-------+-------++-------
Melee: War axe           |   100 |    23 ||   123
       Headbutt          |     8 |     4 ||    12
  Eat: Chunk             |     3 |     3 ||     6
Armor: Scale mail        |    48 |    12 ||    60
Dodge: Dodged            |    45 |    15 ||    60
Block: Shield            |    56 |    16 ||    72
